 Dungeon Crawl Stone Soup version 0.30.0 (webtiles) character file.

Game seed: 11322621206092585775

40651 Lewman the Severer (level 13, -9/135 HPs)
             Began as a Minotaur Berserker on Aug 23, 2023.
             Was a High Priest of Trog.
             Blown up by an orb spider (48 damage)
             ... with an orb of destruction
             ... on level 1 of the Spider Nest.
             The game lasted 00:48:17 (14212 turns).

Lewman the Severer (Minotaur Berserker)            Turns: 14212, Time: 00:48:18

Health: -9/135     AC: 25    Str: 24    XL:     13   Next: 75%
Magic:  12/12      EV: 10    Int:  2    God:    Trog [*****.]
Gold:   1198       SH:  0    Dex: 10    Spells: 12/12 levels left

rFire   + . .        F - +5 battleaxe (flame)
rCold   + . .        (shield currently unavailable)
rNeg    . . .        g - +2 shadow dragon scales of Lesser Demons {rPois Str-3 Int-2 Slay+6 Stlth++++}
rPois   +            (helmet restricted)
rElec   .            (no cloak)
rCorr   .            C - +1 pair of gloves of Lami Argh {rF+}
SInv    .            m - +2 pair of boots {Fly}
Will    .....        j - amulet of faith
Stlth   ++++         p - ring of protection from cold
HPRegen 0.42/turn    (no ring)
MPRegen 0.13/turn

%: faith
@: on berserk cooldown, flying, slowed, unable to drink, very slow
A: horns 2, retaliatory headbutt, robust 1, inability to drink after injury 1
a: Renounce Religion, Berserk, Trog's Hand, Brothers in Arms


You were on level 1 of the Spider Nest.
You worshipped Trog.
Trog was extremely pleased with you.
You visited 3 branches of the dungeon, and saw 14 of its levels.

You collected 1198 gold pieces.

Inventory:

Hand Weapons
 b - a +3 halberd of distortion
 D - a +5 battleaxe
 F - a +5 battleaxe of flaming (weapon)
 I - the +5 woodcutter's axe
   (You found it on level 10 of the Dungeon)
Missiles
 r - a throwing net
Armour
 g - the +2 shadow dragon scales of Lesser Demons (worn) {rPois Str-3 Int-2 Slay+6 Stlth++++}
   (You acquired it on level 6 of the Dungeon)

   Str:       It affects your strength (-3).
   Int:       It affects your intelligence (-2).
   Slay:      It affects your accuracy & damage with ranged weapons and melee
   (+6).
   rPois:     It protects you from poison.
   Stlth:     It makes you much more stealthy.
 m - a +2 pair of boots of flying (worn)
 C - the +1 pair of gloves of Lami Argh (worn) {rF+}
   (You found it on level 9 of the Dungeon)

   rF:        It protects you from fire.
Jewellery
 j - an amulet of faith (around neck)
 p - a ring of protection from cold (left hand)
 A - a +6 ring of intelligence
 B - a ring of protection from cold
Wands
 h - a wand of digging (10)
 i - a wand of mindburst (6)
 u - a wand of acid (5)
 z - a wand of charming (3)
Scrolls
 d - 8 scrolls of identify
 f - 6 scrolls of teleportation
 q - a scroll of magic mapping {unknown}
 v - 2 scrolls of blinking
 x - a scroll of fog {unknown}
 y - 3 scrolls of enchant armour
Potions
 e - 2 potions of curing
 k - a potion of might
 l - 2 potions of haste
 n - a potion of cancellation
 o - a potion of ambrosia {unknown}
 s - 2 potions of brilliance
 t - 2 potions of flight {unknown}
 w - a potion of berserk rage
 G - 2 potions of invisibility
Miscellaneous
 a - a condenser vane
 c - a phial of floods
 H - a piece from Xom's chessboard (15/15)


   Skills:
 + Level 13.9 Fighting
 + Level 19.6 Axes
 + Level 12.8 Armour
 + Level 6.9 Dodging
 + Level 5.2 Stealth
 + Level 0.2 Evocations


You had 12 spell levels left.
You didn't know any spells.
Your spell library was empty.

Dungeon Overview and Level Annotations

Branches:
Dungeon (11/15)            Temple (0/1) D:6            Lair (2/5) D:11
 Spider (1/4) Lair:2
  Swamp: Lair:2-3    Shoals: Lair:2-3       Orc: D:9-12

Altars:
Ashenzari
Dithmenos
Elyvilon
Fedhas
Hepliaklqana
Kikubaaqudgha
Qazlal
Ru
Sif Muna
Trog
Uskayaw
Vehumet
Yredelemnul
Zin
The Shining One

Shops:
D:2 :[!![   D:9 :


Innate Abilities, Weirdness & Mutations

You have a pair of horns on your head.
You reflexively headbutt those who attack you in melee.
You are robust. (+10% HP)
You occasionally lose the ability to drink potions when taking damage.


Message History

The orb spider weaves a glowing orb of energy.
An orb of destruction comes into view.
There is a web here.
You disentangle yourself.
The orb of destruction hits you!!!
You hear a skittering sound.
You see here a torpor snail corpse.
A wolf spider comes into view.
Activating: Berserk (0% risk of failure)
Press: ? - help, Q - select action, (/) - cycle Dir - look around, f - activate A red film seems to cover your vision as you go berserk!
You feel yourself moving faster!
You feel mighty!
The orb spider spins a strand of pure energy.
You feel a strong urge to attack something.
You slash the wolf spider! You burn the wolf spider.
The wolf spider is moderately wounded.
You slice the wolf spider!! You burn the wolf spider!
You feel the power of Trog in you as your rage grows.
You kill the wolf spider!
Trog accepts your kill.
Things that are here:
a wolf spider corpse; a torpor snail corpse You pick your way through the web.
You feel a strong urge to attack something.
There is a web here.
Found a stone staircase leading down.
You feel your anger nearly subside.
You are no longer berserk.
You are exhausted.
You feel yourself slow down.
The orb spider weaves a glowing orb of energy.
An orb of destruction comes into view.
The wavering orb of destruction hits you!!
You feel threatened and lose the ability to drink potions!
* * * LOW HITPOINT WARNING * * *
The orb spider spins a strand of pure energy.
The orb spider weaves a glowing orb of energy.
An orb of destruction comes into view.
The orb of destruction hits you!!!
You die...

..####....###...........#..#.....
.####.....##.^....^....##..#..#.#
.......#####...#.^#.#...#.......#
..†...^...!...^^..##......###.#..
.^####^.......#.....##..#.[#....#
### #####....##.^..##..#.#..#..#
##### #.....#####†.##.....#.##..
.†..# ##....#^.#^^.##^..#..##...
....# ##...#..@..#####...#....#
...## ##...##.○.## #...#.....
.### ##.††.##°○.# #..#.##..# .^##
##.[..##s°.^# ##...##...
...####..†.###...## #.#..#^.#.
....##^†...##..... #.....#.#†
..^.....#..##>>.... #.#.#...†#
##.....########>...^ #.........
####### ####### ##########


You could see an orb spider.

Vanquished Creatures
  2 emperor scorpions (Spider:1)
  A ghost moth (Spider:1)
  A stone giant (D:10)
  A hydra (D:10)
  A jorogumo (Spider:1)
  An ogre mage (D:10)
  A two-headed ogre (D:11)
  A boulder beetle (D:11)
  The ghost of strontium90w the Cleaver, a novice MiFi of Lugonu (D:8)
  Sonja (D:10)
  Lodul (D:11)
  A pharaoh ant (Spider:1)
  An orb spider (Spider:1)
  An orb spider (shapeshifter) (D:10)
  A steelbarb worm (Spider:1)
  8 wolf spiders (Spider:1)
  4 manticores
  An ugly thing (D:10)
  A moth of wrath (D:8)
  An oklob plant (D:11)
  3 black mambas (Lair:1)
  Joseph (Lair:1)
  3 demonic crawlers (Spider:1)
  A cane toad (Lair:1)
  A rime drake (Lair:2)
  A kobold demonologist (D:10)
  2 torpor snails (Spider:1)
  Maggie (D:9)
  3 komodo dragons
  Grinder (D:6)
  2 hornets
  Prince Ribbit (Lair:1)
  6 blink frogs (Lair:1)
  3 tarantellas (Spider:1)
  7 dream sheep (Lair:2)
  16 jumping spiders
  Sigmund (D:4)
  10 culicivoras
  A shadow (D:11)
  2 wyverns (D:8)
  24 yaks
  A wraith (D:10)
  23 redbacks
  2 basilisks
  An acid dragon (D:10)
  4 water moccasins
  3 ice beasts
  2 orc warriors
  A sky beast (D:7)
  2 black bears (D:8)
  8 ogres
  5 wolves (Lair:2)
  2 centaurs
  4 bullfrogs
  4 kobold brigands
  A gnoll sergeant (D:4)
  5 scorpions
  12 wights
  5 howler monkeys
  2 hounds
  7 orc priests
  2 gnoll boudas
  2 sleepcaps (D:6)
  5 iguanas
  6 orc wizards
  14 gnolls
  8 adders
  A river rat (D:6)
  A shadow imp (D:5)
  A white imp (D:6)
  2 ufetubi (D:6)
  3 dart slugs
  3 worms
  15 orcs
  8 endoplasms
  2 giant cockroaches
  2 goblins
  9 hobgoblins
  4 jackals (D:2)
  10 quokkas
  11 ball pythons
  2 bats
  4 frilled lizards
  9 kobolds
  12 rats
  A plant (D:11)
352 creatures vanquished.

Vanquished Creatures (others)
  An iguana zombie (D:5)
  3 fungi
  14 plants
18 creatures vanquished.

Grand Total: 370 creatures vanquished

Notes
Turn   | Place    | Note
-------+----------+-------------------------------------------
     0 | D:1      | Lewman the Minotaur Berserker began the quest for the Orb.
     0 | D:1      | Reached XP level 1. HP: 19/19 MP: 0/0
   244 | D:1      | Reached XP level 2. HP: 27/27 MP: 1/1
   292 | D:1      | Reached skill level 4 in Axes
   308 | D:1      | Reached ** piety under Trog
  1031 | D:2      | Reached XP level 3. HP: 20/34 MP: 2/2
  1121 | D:2      | Found Oreeve's Antique Armour Emporium.
  1416 | D:2      | Found Cikouh's Armour Emporium.
  1546 | D:2      | Found Ethrur's Distillery.
  1597 | D:2      | Found Ownoyqah's Book Boutique.
  1756 | D:2      | Reached XP level 4. HP: 36/41 MP: 3/3
  1802 | D:2      | Found Xaudowyck's Distillery.
  2078 | D:3      | Reached skill level 5 in Fighting
  2601 | D:3      | Reached skill level 5 in Axes
  2602 | D:3      | Reached XP level 5. HP: 38/48 MP: 4/4
  2813 | D:3      | Found a faded altar of an unknown god.
  2909 | D:4      | Reached *** piety under Trog
  2910 | D:4      | Reached skill level 1 in Stealth
  2910 | D:4      | Reached XP level 6. HP: 56/56 MP: 5/5
  2913 | D:4      | Reached skill level 6 in Axes
  3037 | D:4      | Noticed Sigmund
  3062 | D:4      | Killed Sigmund
  3230 | D:4      | Found a broken altar of Ashenzari.
  3239 | D:4      | Found a sacrificial altar of Ru.
  3239 | D:4      | Found a bloodstained altar of Trog.
  3240 | D:4      | Found a shadowy altar of Dithmenos.
  3241 | D:4      | Found a shimmering blue altar of Sif Muna.
  3242 | D:4      | Found a hazy altar of Hepliaklqana.
  3243 | D:4      | Found an ancient bone altar of Kikubaaqudgha.
  3328 | D:4      | Found a stormy altar of Qazlal.
  3843 | D:5      | Entered Level 5 of the Dungeon
  3856 | D:5      | Reached XP level 7. HP: 63/63 MP: 6/6
  3880 | D:5      | Reached skill level 7 in Axes
  5062 | D:6      | Found a glowing golden altar of the Shining One.
  5065 | D:6      | Noticed an angel
  5091 | D:6      | Found a staircase to the Ecumenical Temple.
  5098 | D:6      | Reached skill level 8 in Axes
  5101 | D:6      | Reached XP level 8. HP: 73/73 MP: 7/7
  5104 | D:6      | Reached skill level 5 in Dodging
  5259 | D:6      | Noticed Grinder
  5271 | D:6      | Paralysed by Grinder for 3 turns
  5276 | D:6      | Killed Grinder
  5339 | D:6      | Reached skill level 9 in Axes
  5366 | D:6      | Reached **** piety under Trog
  6229 | D:6      | Found a basalt altar of Yredelemnul.
  6232 | D:6      | Noticed a profane servitor
  6344 | D:6      | Identified a scroll of acquirement
  6344 | D:6      | Acquired the +2 shadow dragon scales of Lesser Demons
                  | {rPois Str-3 Int-2 Slay+6 Stlth++++}
  6373 | D:7      | Reached XP level 9. HP: 81/81 MP: 8/8
  6446 | D:7      | Reached skill level 10 in Axes
  6585 | D:7      | Reached skill level 5 in Armour
  6980 | D:7      | Gained mutation: You occasionally lose the ability to drink
                  | potions when taking damage. [potion of mutation]
  6980 | D:7      | Gained mutation: You are robust. (+10% HP) [potion of
                  | mutation]
  7167 | D:8      | Reached skill level 11 in Axes
  7485 | D:8      | Noticed a moth of wrath
  7488 | D:8      | Found a transporter.
  7488 | D:8      | Noticed strontium90w's ghost (novice MiFi)
  7551 | D:8      | Found a transporter.
  7699 | D:8      | Reached ***** piety under Trog
  7721 | D:8      | Found a hide-covered altar of Uskayaw.
  7837 | D:8      | Reached XP level 10. HP: 100/100 MP: 9/9
  7839 | D:8      | Killed strontium90w's ghost
  7840 | D:8      | Reached skill level 12 in Axes
  7843 | D:8      | Killed a moth of wrath
  8053 | D:9      | Found Heczail's Book Shoppe.
  8069 | D:9      | Noticed Maggie
  8073 | D:9      | Killed Maggie
  8096 | D:9      | Reached skill level 13 in Axes
  8168 | D:9      | Reached skill level 10 in Fighting
  8229 | D:9      | Identified the +4 spear "Faecvu" {flame, rC+ SInv}
  8249 | D:9      | Found a blossoming altar of Fedhas.
  8318 | D:9      | Identified the +1 pair of gloves of Lami Argh {rF+}
  8528 | D:10     | Entered Level 10 of the Dungeon
  8528 | D:10     | Noticed a manticore
  8538 | D:10     | Killed a manticore
  8646 | D:10     | Reached skill level 14 in Axes
  8964 | D:10     | Noticed an orange demon
  9214 | D:10     | Reached XP level 11. HP: 110/110 MP: 10/10
  9234 | D:10     | Found a glowing silver altar of Zin.
  9351 | D:10     | Noticed Sonja
  9360 | D:10     | Noticed a green ugly thing
  9360 | D:10     | Noticed an ogre mage
  9365 | D:10     | Killed Sonja
  9366 | D:10     | Noticed a seven-headed hydra
  9532 | D:10     | Noticed a stone giant
  9533 | D:10     | Noticed a deep troll
  9569 | D:10     | Found the +5 woodcutter's axe
  9646 | D:10     | Found a radiant altar of Vehumet.
  9655 | D:10     | Found a white marble altar of Elyvilon.
  9767 | D:10     | Noticed a deep troll
  9817 | D:10     | an eye of devastation changed into a mana viper
  9817 | D:10     | Noticed a mana viper (shapeshifter)
  9822 | D:10     | Noticed an orb spider
  9829 | D:10     | Killed a four-headed hydra
  9833 | D:10     | Killed a green ugly thing
  9836 | D:10     | Reached skill level 15 in Axes
  9838 | D:10     | Killed a stone giant
  9841 | D:10     | Killed an ogre mage
  9857 | D:10     | Killed an orb spider
 10068 | D:11     | Noticed a two-headed ogre
 10076 | D:11     | Killed a two-headed ogre
 10077 | D:11     | Reached skill level 16 in Axes
 10256 | D:11     | Noticed a boulder beetle
 10275 | D:11     | Killed a boulder beetle
 10352 | D:11     | Noticed an oklob plant
 10356 | D:11     | Found a staircase to the Lair.
 10456 | D:11     | Noticed Lodul
 10463 | D:11     | Received a gift from Trog
 10468 | D:11     | Killed Lodul
 10469 | D:11     | Reached XP level 12. HP: 121/121 MP: 11/11
 10797 | Lair:1   | Entered Level 1 of the Lair of Beasts
 10846 | Lair:1   | Noticed Joseph
 10852 | Lair:1   | Killed Joseph
 11128 | Lair:1   | Noticed Prince Ribbit
 11133 | Lair:1   | Reached skill level 17 in Axes
 11134 | Lair:1   | Killed Prince Ribbit
 11135 | Lair:1   | Reached skill level 10 in Armour
 11902 | Lair:2   | Found a hole to the Spider Nest.
 12777 | Spider:1 | Entered Level 1 of the Spider Nest
 12785 | Spider:1 | Reached skill level 18 in Axes
 13009 | Spider:1 | Reached XP level 13. HP: 106/130 MP: 12/12
 13085 | Spider:1 | Identified the +2 robe of Purpose {rCorr Int+4 SInv}
 13132 | Spider:1 | Reached skill level 5 in Stealth
 13513 | Spider:1 | Noticed an emperor scorpion
 13522 | Spider:1 | Killed an emperor scorpion
 13828 | Spider:1 | Received a gift from Trog
 13833 | Spider:1 | Reached skill level 19 in Axes
 13890 | Spider:1 | Killed a ghost moth
 14065 | Spider:1 | Noticed an emperor scorpion
 14082 | Spider:1 | Killed an emperor scorpion
 14212 | Spider:1 | Blown up by an orb spider

Illustrated notes

Levels and vault maps discovered:
D:1:      roderic_chinese_lattice_arrival, layout_basic,
          kennysheep_decorative_pillar
D:2:      layout_basic, serial_shops, nicolae_lakefront_shop,
          nicolae_shop_crystal, shop, shop, shop
D:3:      layout_basic, dreamdust_ecumenical_altar_statues,
          kennysheep_cluttered_room, nicolae_concentric_dashed_squares_wild,
          amcnicky_mini_corridor_feature
D:4:      layout_rooms, minitemple, nicolae_qazlal_scattered_showers,
          hangedman_decor_push, uniq_sigmund
D:5:      layout_gridville
D:6:      layout_basic, grunt_temple_overflow_holy_war,
          minmay_temple_entry_glass, gup_sewer_entry_bubbles, uniq_grinder
D:7:      layout_cave_pools, st_stairs_11
D:8:      layout_gridville, nicolae_uskayaw_dance_hall,
          gammafunk_ghost_berserking_beasts
D:9:      layout_roguey, fedhas_altar_1, serial_shops,
          nicolae_book_shop_shelving, uniq_maggie
D:10:     layout_loops_corners, zin_scriptorium, mainiacjoe_overflow_swirl,
          minmay_misc_feat_four_crosses, onia_ninara_dug_in_and_dangerous,
          uniq_sonja
D:11:     layout_gridville, dpeg_oklobed_lair, grunt_ministairs_9, uniq_lodul
Lair:1:   layout_concentric_octagons, st_stairs_9, grunt_megastairs_1,
          lemuel_fruit_tree, uniq_joseph, uniq_prince_ribbit2
Lair:2:   layout_roguey, nicolae_spider_entry_tight_spaces
Spider:1: nicolae_spider_corner

Skill      XL: |  1  2  3  4  5  6  7  8  9 10 11 12 13 |
---------------+----------------------------------------+-----
Fighting       | 4 5 6 7 8 9 10 11 12 13 | 13.9
Axes           | 4 5 6 8 9 11 14 16 18 19 | 19.6
Dodging        | 3 4 5 6 |  6.9
Stealth        | 1 2 3 4 5 |  5.2
Armour         | 4 6 7 9 11 12 | 12.8
Evocations     | |  0.2

Action                     |  1- 3 |  4- 6 |  7- 9 | 10-12 | 13-15 || total
---------------------------+-------+-------+-------+-------+-------++-------
  Melee: Hand axe          |    73 |    89 |    72 |       |       ||   234
         Headbutt          |    13 |    11 |    21 |    52 |    20 ||   117
         Punch             |       |       |     1 |       |       ||     1
         Battleaxe         |       |       |    88 |   210 |   127 ||   425
 Invoke: Berserk           |       |     3 |     8 |    12 |     7 ||    30
  Evoke: Wand              |       |       |       |     1 |       ||     1
    Use: Scroll            |     4 |       |    10 |     5 |       ||    19
         Potion            |       |       |     8 |     2 |     3 ||    13
   Stab: Sleeping          |       |     2 |     2 |     6 |       ||    10
 Armour: Animal skin       |    14 |    11 |    12 |       |       ||    37
         Scale mail        |       |       |    13 |       |       ||    13
         Shadow dragon sca |       |       |    37 |   144 |   141 ||   322
  Dodge: Dodged            |    46 |    48 |    95 |    96 |    82 ||   367
